 Dungeon Crawl Stone Soup version 0.28-a0-793-g31680bbd8b (webtiles) character file.

Game seed: 5294117991708622851

16820 sqbi the Destroyer (level 12, -3/71 HPs)
             Began as a Gargoyle Fire Elementalist on Nov 5, 2021.
             Was a Priest of Vehumet.
             Killed by divine providence
             ... invoked by a meliai
              (14 damage)
             ... on level 13 of the Dungeon.
             The game lasted 01:54:05 (16146 turns).

sqbi the Destroyer (Gargoyle Fire Elementalist)    Turns: 16146, Time: 01:54:06

Health: -3/71      AC: 21    Str: 14    XL:     12   Next: 41%
Magic:  0/23       EV: 25    Int: 19    God:    Vehumet [***...]
Gold:   657        SH:  3    Dex: 10    Spells: 10/26 levels left

rFire   + + .      SeeInvis .   x - +4 flail (protect)
rCold   x . .      Faith    .   l - +0 buckler
rNeg    + . .      Spirit   .   Y - +0 troll leather armour
rPois   ∞          Reflect  .   d - +0 helmet
rElec   +          Harm     .   e - +2 cloak
rCorr   .          Rampage  .   X - +1 pair of gloves
Will    .....                   k - +2 pair of boots
Stlth   ++........              O - amulet of the acrobat
HPRegen 1.21/turn               n - ring of fire
MPRegen 0.18/turn               I - ring of protection from fire

@: acrobatic, freezing walls
A: sickness immunity, AC +8, negative energy resistance 1, electricity
resistance, torment resistance 1, petrification resistance
a: Renounce Religion


You were on level 13 of the Dungeon.
You worshipped Vehumet.
Vehumet was most pleased with you.
You visited 1 branch of the dungeon, and saw 13 of its levels.

You collected 657 gold pieces.

Inventory:

Hand Weapons
 a - a +2 short sword of protection
 t - a +3 mace of protection
 x - a +4 flail of protection (weapon)
 C - a +2 dagger of electrocution
 E - a +1 vorpal broad axe
 F - the +7 whip of the World {freeze, rElec Int+3 Dex+3}
   (You found it on level 7 of the Dungeon)

   It freezes those it strikes, dealing additional cold damage.
   It can also slow down cold-blooded creatures.
   Int:       It affects your intelligence (+3).
   Dex:       It affects your dexterity (+3).
   rElec:     It insulates you from electricity.
 H - a +2 morningstar
 Q - a +4 scimitar of flaming
 Z - a +1 morningstar of protection
Missiles
 D - 12 poisoned darts
 N - a throwing net
Armour
 d - a +0 helmet (worn)
 e - a +2 cloak (worn)
 k - a +2 pair of boots (worn)
 l - a +0 buckler (worn)
 v - +2 steam dragon scales
 G - a +1 robe of fire resistance
 L - +0 acid dragon scales
 V - a +2 robe of positive energy
 X - a +1 pair of gloves (worn)
 Y - a +0 troll leather armour (worn)
Magical Staves
 S - a staff of air
Jewellery
 n - a ring of fire (left hand)
 I - a ring of protection from fire (right hand)
 O - an amulet of the acrobat (around neck)
Wands
 h - a wand of flame (72)
 M - a wand of digging (3)
 P - a wand of iceblast (20)
 U - a wand of charming (9)
 W - a wand of polymorph (6)
Scrolls
 b - a scroll of brand weapon {unknown}
 f - 2 scrolls of magic mapping {unknown}
 g - 2 scrolls of fear
 i - 6 scrolls of amnesia
 j - 11 scrolls of teleportation
 p - a scroll of torment {unknown}
 w - 3 scrolls of enchant armour {unknown}
 A - 3 scrolls of noise {unknown}
 K - 5 scrolls of fog {unknown}
 T - 2 scrolls of holy word {unknown}
Potions
 c - a potion of mutation
 m - a potion of might {unknown}
 o - a potion of resistance
 q - a potion of ambrosia
 r - 2 potions of flight
 s - a potion of lignification
 u - 3 potions of degeneration
 y - a potion of curing {unknown}
 z - 3 potions of brilliance
 B - a potion of haste
Miscellaneous
 R - a tin of tremorstones (2/2)


   Skills:
 + Level 6.4 Fighting
 + Level 6.0 Maces & Flails
 + Level 0.4 Armour
 + Level 1.8 Dodging
 - Level 2.1 Stealth
 + Level 7.9 Spellcasting
 * Level 12.8 Conjurations
 * Level 5.6 Hexes
 + Level 8.9 Fire Magic
 + Level 2.7 Air Magic


You had 10 spell levels left.
You knew the following spells:

 Your Spells              Type           Power      Damage    Failure   Level
a - Foxfire               Conj/Fire      100%       2x1d9     1%          1
b - Scorch                Fire           100%       2d10      1%          2
c - Flame Wave            Conj/Fire      65%        3d12      1%          4
d - Searing Ray           Conj           100%       2d8       1%          2
e - Fulminant Prism       Conj/Hex       21%        3d13      1%          4
f - Frozen Ramparts       Ice            14%        1d3       16%         3

Your spell library contained the following spells:

 Spells                   Type           Power      Damage    Failure   Level
 Magic Dart               Conj           100%       1d8       1%          1
 Static Discharge         Conj/Air       37%        N/A       1%          2
 Conjure Flame            Conj/Fire      65%        6-21      1%          3
 Inner Flame              Hex/Fire       52%        N/A       1%          3
 Poisonous Vapours        Pois/Air       24%        N/A       4%          2
 Lightning Bolt           Conj/Air       18%        1d33      6%          5
 Irradiate                Conj/Tmut      15%        3d18      11%         5
 Corpse Rot               Necr/Air       24%        N/A       17%         2
 Blade Hands              Tmut           3%         N/A       99%         5
 Dragon Form              Tmut           3%         N/A       100%        7
 Maxwell's Capacitive Co  Air            8%         ∞         100%        8


Dungeon Overview and Level Annotations

Branches:
Dungeon (13/15)            Temple (0/1) D:6            Lair (0/6) D:11
    Orc (0/2) D:12
 Vaults: D:13-14

Altars:
Cheibriados
Fedhas
Kikubaaqudgha
Okawaru
Qazlal
Sif Muna
Uskayaw
Vehumet
Wu Jian
Xom

Shops:
D:9 [   D:10 [   D:12 *

Annotations:
D:11 1 runed translucent door, StikS32's ghost, journeyman MiBe


Innate Abilities, Weirdness & Mutations

You are immune to sickness and miasma.
Your stone body is resilient. (AC +8)
You are immune to poison.
You resist negative energy. (rN+)
You are resistant to electric shocks. (rElec)
You are resistant to unholy torment.
You are immune to petrification.


Message History

(Press . to intensify the flame waves.)
Your surroundings seem slightly different.
Your Maces & Flails skill increases to level 6!
The meliai mumbles some strange prayers to its god against you.
Something smites you!
* * * LOW HITPOINT WARNING * * *
You feel much better.
Casting: Flame Wave (mildly dangerous; 1% risk of failure)
Confirm with . or Enter, or press ? or * to list all spells.
Casting: Frozen Ramparts (dangerous; 16% risk of failure)
Press: ? - help, Dir - look around, f - activate The walls around you are covered in ice.
The wall freezes the meliai. x2; The meliai closely misses you.
The meliai barely misses you.
The wall freezes the meliai but does no damage.
The meliai invokes the aid of its god against you.
Something smites you!
Casting: Frozen Ramparts (dangerous; 16% risk of failure)
Confirm with . or Enter, or press ? or * to list all spells.
Casting: Flame Wave (mildly dangerous; 1% risk of failure)
Press: ? - help, Dir - look around, f - activate You feel a surge of power!
A wave of flame ripples out!
The flame wave engulfs the meliai!
The meliai is severely wounded. (Press . to intensify the flame waves.)
The wall freezes the meliai.
The meliai calls down the wrath of its god upon you.
Something smites you!
* * * LOW HITPOINT WARNING * * *
The wall freezes the meliai.
The meliai hits you with a +0 hand axe.
* * * LOW HITPOINT WARNING * * *
The meliai barely misses you.
Without enough magic to sustain them, the waves of flame dissipate.
The wall freezes the meliai.
The meliai misses you. The meliai completely misses you.
The boulder beetle curls into a ball and begins rolling!
The wall freezes the meliai.
The meliai invokes the aid of its god against you.
Something smites you!
You die...

######## #####......# ###
#..........# #[) #.###†.....# #..
######@# #......# #..
#.....y#######.## #..
#..........# #.# #.. #..........#
#.# #..
##############.....B.###.######..
............>.........)........).
.###.#########.......###.########
.#.....# ########.....#
.#.....##############..(..###


You could see a boulder beetle (rolling) and a meliai.

Vanquished Creatures
  Erolcha (D:13)
  4 two-headed ogres
  A centaur warrior (D:13)
  The ghost of paps the Twirler, a novice DsGl of Okawaru (D:7)
  2 ugly things
  Maurice (D:10)
  A gargoyle (D:10)
  Maggie (D:10)
  2 unseen horrors
  A kobold demonologist (D:12)
  A rime drake (shapeshifter) (D:10)
  2 meliai (D:13)
  4 trolls
  Grinder (D:4)
  Prince Ribbit (D:5)
  4 slime creatures (D:12)
  A wraith (D:12)
  4 yaks
  A shadow (D:9)
  2 vampires
  2 wyverns
  A water elemental (D:11)
  A warg (D:12)
  Edmund (D:5)
  Menkaure (D:5)
  2 vampire mosquitoes (D:13)
  2 water moccasins (D:7)
  3 acid dragons
  7 orc warriors
  Duvessa (D:4)
  A sky beast (D:6)
  An ice beast (D:5)
  A black bear (D:7)
  A necrophage (D:7)
  5 wolves (D:11)
  2 centaurs
  2 kobold brigands
  2 bullfrogs
  Dowan (D:4)
  2 water moccasin zombies
  A wyvern skeleton (D:5)
  A water moccasin skeleton (D:6)
  The ghost of IndexError the Grave Robber, a weakling DDNe (D:5)
  4 wights (D:10)
  3 howler monkeys
  3 centaur zombies
  3 jellies
  A bullfrog zombie (D:6)
  5 hounds
  9 orc priests
  3 centaur skeletons (D:5)
  Natasha (thrice) (D:2)
  7 iguanas
  15 orc wizards
  A killer bee zombie (D:5)
  2 hound zombies (D:5)
  A hound skeleton (D:4)
  2 howler monkey zombies (D:5)
  2 howler monkey skeletons
  A gnoll (D:1)
  4 adders
  3 white imps
  A worm (D:2)
  4 dart slugs
  43 orcs
  7 ball pythons
  6 bats
  5 endoplasms
  4 giant cockroaches
  4 goblins
  7 hobgoblins
  4 jackals (D:1)
  4 quokkas
  6 frilled lizards
  13 kobolds
  4 rats
262 creatures vanquished.

Vanquished Creatures (others)
  Erica (D:10)
  1026 foxfires
  13 fulminant prisms
1040 creatures vanquished.

Grand Total: 1302 creatures vanquished

Notes
Turn   | Place    | Note
-------+----------+-------------------------------------------
     0 | D:1      | sqbi the Gargoyle Fire Elementalist began the quest for the
                  | Orb.
     0 | D:1      | Reached XP level 1. HP: 10/10 MP: 3/3
    87 | D:1      | Reached XP level 2. HP: 2/15 MP: 0/5
   354 | D:1      | Reached skill level 2 in Conjurations
   766 | D:1      | Reached XP level 3. HP: 19/19 MP: 2/6
  1478 | D:2      | Learned a level 2 spell: Scorch
  1574 | D:2      | Noticed Natasha
  1578 | D:2      | Killed Natasha
  1579 | D:2      | Reached skill level 3 in Conjurations
  1579 | D:2      | Reached XP level 4. HP: 24/24 MP: 3/7
  1592 | D:2      | Noticed Natasha
  1596 | D:2      | Killed Natasha
  1684 | D:2      | Found a faded altar of an unknown god.
  1697 | D:2      | Noticed Natasha
  1704 | D:2      | Killed Natasha
  1705 | D:2      | Reached XP level 5. HP: 28/28 MP: 0/9
  2377 | D:3      | Reached skill level 4 in Conjurations
  3327 | D:3      | Found a radiant altar of Vehumet.
  3349 | D:3      | Became a worshipper of Vehumet
  3355 | D:3      | Found an ancient bone altar of Kikubaaqudgha.
  3361 | D:3      | Reached XP level 6. HP: 32/32 MP: 5/10
  3369 | D:3      | Found a shimmering blue altar of Sif Muna.
  3860 | D:4      | Noticed Duvessa
  3860 | D:4      | Noticed Dowan
  3888 | D:4      | Killed Duvessa
  3889 | D:4      | Reached skill level 5 in Conjurations
  3967 | D:4      | Killed Dowan
  3968 | D:4      | Reached XP level 7. HP: 31/36 MP: 5/12
  4566 | D:4      | Reached skill level 6 in Conjurations
  4844 | D:4      | Noticed Grinder
  4845 | D:4      | Paralysed by Grinder for 5 turns
  4855 | D:4      | Killed Grinder
  4856 | D:4      | Reached skill level 5 in Fire Magic
  5026 | D:5      | Entered Level 5 of the Dungeon
  5033 | D:5      | Noticed a wyvern
  5040 | D:5      | Killed a wyvern
  5041 | D:5      | Reached skill level 7 in Conjurations
  5041 | D:5      | Reached XP level 8. HP: 41/41 MP: 6/14
  5235 | D:5      | Noticed Edmund
  5245 | D:5      | Killed Edmund
  5828 | D:5      | Noticed Menkaure
  5838 | D:5      | Killed Menkaure
  5839 | D:5      | Reached skill level 5 in Spellcasting
  5839 | D:5      | Reached skill level 8 in Conjurations
  5898 | D:5      | Learned a level 4 spell: Flame Wave
  5948 | D:5      | Reached * piety under Vehumet
  5948 | D:5      | Offered knowledge of Shock by Vehumet.
  6020 | D:5      | Found a transporter.
  6041 | D:5      | Found a transporter.
  6041 | D:5      | Noticed Prince Ribbit
  6045 | D:5      | Killed Prince Ribbit
  6046 | D:5      | Reached XP level 9. HP: 45/45 MP: 10/17
  6152 | D:5      | Noticed IndexError's ghost (weakling DDNe)
  6248 | D:5      | Found a shimmering altar of Xom.
  6249 | D:5      | Found an ornate altar of the Wu Jian Council.
  6794 | D:6      | Reached skill level 1 in Fighting
  6794 | D:6      | Reached skill level 9 in Conjurations
  6914 | D:6      | Found a staircase to the Ecumenical Temple.
  6938 | D:6      | Reached skill level 1 in Maces & Flails
  7573 | D:7      | Noticed paps's ghost (novice DsGl)
  7578 | D:7      | Identified the +7 whip of the World {freeze, rElec Int+3
                  | Dex+3}
  8045 | D:7      | Found a runed translucent door.
  8056 | D:7      | Reached skill level 10 in Conjurations
  8097 | D:7      | Offered knowledge of Searing Ray by Vehumet.
  8099 | D:7      | Killed paps's ghost
  8100 | D:7      | Reached XP level 10. HP: 46/56 MP: 4/19
  8426 | D:7      | Learned a level 2 spell: Searing Ray
  8612 | D:8      | Found a stormy altar of Qazlal.
  8612 | D:8      | Found a snail-covered altar of Cheibriados.
  8909 | D:8      | Reached ** piety under Vehumet
  8996 | D:8      | Found a hide-covered altar of Uskayaw.
  9586 | D:5      | Killed IndexError's ghost
  9875 | D:9      | Found a blossoming altar of Fedhas.
 10141 | D:9      | Found Losaobess's Antique Armour Shop.
 10388 | D:9      | Found an iron altar of Okawaru.
 10403 | D:9      | Reached skill level 1 in Hexes
 10624 | D:10     | Entered Level 10 of the Dungeon
 10624 | D:10     | Noticed a gargoyle
 10715 | D:10     | Noticed Maggie
 10718 | D:10     | Noticed a two-headed ogre
 10722 | D:10     | Noticed Erica
 10726 | D:10     | Killed Maggie
 10727 | D:10     | Reached skill level 11 in Conjurations
 10861 | D:9      | Killed a two-headed ogre
 11141 | D:10     | Killed a gargoyle
 11431 | D:11     | Noticed a two-headed ogre
 11438 | D:11     | Killed a two-headed ogre
 11439 | D:11     | Reached XP level 11. HP: 62/62 MP: 11/21
 11539 | D:11     | Reached skill level 5 in Fighting
 11822 | D:11     | Found a runed translucent door.
 11822 | D:11     | Found a shimmering altar of Xom.
 11822 | D:11     | Noticed StikS32's ghost (journeyman MiBe)
 11823 | D:11     | Noticed a +1 rapier of chaos
 11849 | D:11     | Found a staircase to the Lair.
 12086 | D:10     | Found Ipurgh's Armour Shop.
 12247 | D:10     | Noticed Maurice
 12281 | D:10     | Killed Maurice
 12612 | D:10     | Reached skill level 1 in Air Magic
 12749 | D:10     | Killed Erica
 12750 | D:10     | Reached skill level 5 in Maces & Flails
 12952 | D:11     | Noticed a two-headed ogre
 12958 | D:11     | Killed a two-headed ogre
 12959 | D:11     | Reached skill level 12 in Conjurations
 12981 | D:11     | Learned a level 4 spell: Fulminant Prism
 13421 | D:11     | Noticed a cyan ugly thing
 13428 | D:11     | Killed a cyan ugly thing
 13927 | D:12     | Offered knowledge of Frozen Ramparts by Vehumet.
 14057 | D:12     | Found a staircase to the Orcish Mines.
 14586 | D:12     | Found Marchat's Overcharged Wands.
 14783 | D:12     | Reached *** piety under Vehumet
 14787 | D:12     | Reached XP level 12. HP: 70/70 MP: 15/23
 14791 | D:12     | Learned a level 3 spell: Frozen Ramparts
 14860 | D:12     | Reached skill level 5 in Hexes
 15525 | D:13     | Noticed Erolcha
 15526 | D:13     | Noticed a two-headed ogre
 15533 | D:13     | Killed a two-headed ogre
 15536 | D:13     | Killed Erolcha
 15673 | D:13     | Noticed a centaur warrior
 15696 | D:13     | Killed a centaur warrior
 16118 | D:13     | Noticed a boulder beetle
 16146 | D:13     | Killed from afar by a meliai

Illustrated notes

Levels and vault maps discovered:
D:1:      ncdulo_smallfort, layout_loops_ring, minmay_tetromino_l4
D:2:      layout_basic, hellmonk_ecumenical_altar_run_dry, minmay_misc_feat_x,
          minmay_misc_feat_enclosed, uniq_natasha
D:3:      layout_loops_corners, palyth_temple_overflow_mages,
          minmay_misc_feat_room
D:4:      layout_basic, uniq_grinder, uniq_duvessa
D:5:      layout_basic, minitemple, gammafunk_ghost_mausoleum,
          uniq_prince_ribbit1, uniq_edmund, uniq_menkaure
D:6:      layout_basic, minmay_temple_entry_mini_moons
D:7:      layout_basic, hellmonk_ghost_happy_afterlife, abandoned_shop,
          grunt_ministairs_9
D:8:      layout_loops_ring, nicolae_uskayaw_murder_on_the_dancefloor,
          gammafunk_temple_overflow_statue, grunt_decor_cap
D:9:      layout_small_grid, kennysheep_little_box,
          mainiacjoe_overflow_surrounded_room, serial_shops, shop
D:10:     layout_loops_ring, serial_shops, kennysheep_mini_moat, nrook_campfire,
          uniq_maurice, uniq_erica, uniq_maggie
D:11:     layout_basic, erik_lair_island, ebering_ghost_xom
D:12:     layout_layer_cave, erik_orc_4, nicolae_shop_overcharged_wands
D:13:     layout_basic, uniq_frances, uniq_erolcha

Skill      XL: |  1  2  3  4  5  6  7  8  9 10 11 12 |
---------------+-------------------------------------+-----
Conjurations   | 2 3 4 5 7 8 10 11 12 | 12.8
Spellcasting   | 3 4 5 6 7 |  7.9
Fire Magic     | 4 5 6 7 8 |  8.9
Fighting       | 3 4 6 |  6.4
Maces & Flails | 3 4 5 6 |  6.0
Hexes          | 2 4 5 |  5.6
Air Magic      | 2 |  2.7
Armour         | |  0.4
Dodging        | |  1.8
Stealth        | |  2.1

Action                   |  1- 3 |  4- 6 |  7- 9 | 10-12 || total
-------------------------+-------+-------+-------+-------++-------
Melee: Dagger            |    21 |     5 |     6 |       ||    32
       Unarmed           |     1 |       |       |       ||     1
       Flail             |       |       |    13 |    30 ||    43
 Cast: Foxfire           |    56 |    95 |   182 |   295 ||   628
       Scorch            |       |     5 |    39 |   106 ||   150
       Flame Wave        |       |       |     4 |    12 ||    16
       Searing Ray       |       |       |       |     5 ||     5
       Fulminant Prism   |       |       |       |    13 ||    13
       Frozen Ramparts   |       |       |       |     1 ||     1
  Use: Scroll            |       |       |       |    13 ||    13
       Potion            |       |       |       |     3 ||     3
Armor: Robe              |    12 |     6 |    46 |       ||    64
       Acid dragon scale |       |       |       |    53 ||    53
       Troll leather arm |       |       |       |    38 ||    38
Dodge: Dodged            |    17 |    11 |    36 |    93 ||   157
Block: Buckler           |       |       |     3 |    22 ||    25

Table legend: (Time is in decaauts)
 A = Elapsed time spent in this place.
 B = Non-inter-level travel time spent in this place.
 C = Inter-level travel time spent in this place.
 D = Time resting spent in this place.
 E = Time spent auto-exploring this place.
 F = Levels seen in this place.
 G = Mean time per level.
                   A        B        C        D        E       F      G
               +--------+--------+--------+--------+--------+-----+--------+
         Total |  16167 |  15765 |    402 |   4409 |   5550 |  13 | 1243.6 |
       Dungeon |  16167 |  15765 |    402 |   4409 |   5550 |  13 | 1243.6 |
               +--------+--------+--------+--------+--------+-----+--------+

Top non-repeatable levels by time:
    D:12: 1736 daAuts
     D:5: 1646 daAuts
    D:11: 1585 daAuts
     D:1: 1432 daAuts
     D:4: 1356 daAuts
    D:10: 1302 daAuts
     D:3: 1294 daAuts
     D:6: 1181 daAuts
     D:9: 1174 daAuts
     D:7: 994 daAuts
     D:8: 978 daAuts
     D:2: 945 daAuts
    D:13: 540 daAuts
